Unix NetHack Version 5.0.0-0 post-release - last build May  3 2026 23:40:34 (9823c992c0763bbd039eca2974112f46eaf799b3,branch:main).

Game began 2026-05-04 06:38:42, ended 2026-05-04 06:51:25.

2459783kj, lawful female human Valkyrie

                                            ---------..--
                                            -...........|                 ----
                                            ...--------.|                 |..|
                                            -..--     |.|                 -.%-
                                            .*.^.     |.|                |....
                                            -....    --.---              |...
                                             .>...   |....--             -..--
                                             -.).-   |.....|             ..@.|
                                            --..--    -.*.------         .hx--
                                            |<..|     --.......---       ...
                                            |.|.|     --.#-#-....|       ...
                                                      |...-- ..|.------  ...
                                                      |....| --|......- -...
                                                      |....|   -----... |..-
                                                      |...-       --...---.|
                                                      ...--       |........|
                                                                  --..------
                                                                   ----

2459783kj the Stripling     St:13 Dx:15 Co:18 In:9 Wi:8 Ch:7  Lawful
Dlvl:3  $:7  HP:0(16) Pw:2(2) AC:6  Xp:1 T:672 

Latest messages:
 A gush of water hits your left arm!
 It is hit.
 A trap door in the ceiling opens and a rock falls on your head!
 You hear crashing rock.
 You hear crashing rock.
 You hear crashing rock.
 You kill the brown mold!
 You see here a brown mold corpse.
 You swap places with the peaceful dwarf.
 You swap places with the peaceful dwarf.
 You see here a brown mold corpse.
 l - a brown mold corpse.
 You miss the gnome.
 You kill the gnome!
 You hear crashing rock.
 You hear crashing rock.
 You hear crashing rock.
 You see here a leash.
 You see here a leash.
 m - a leash.
 You see here a white gem.
 n - a white gem.
 A cloud of gas puts you to sleep!
 The gnome lord hits!
 The gnome lord hits!
 The gnome lord hits!
 The gnome lord hits!
 The gnome lord hits!
 The gnome lord hits!
 The combat suddenly awakens you.
 The gnome lord suddenly falls asleep!
 The grid bug bites!
 You get zapped!
 You are almost hit by a dagger.
 You miss the grid bug.
 The grid bug just misses!
 You miss the grid bug.
 The grid bug bites!
 You get zapped!
 You kill the grid bug!
 You see here a dagger.
 The grid bug bites!
 You get zapped!
 The hobbit hits!
 You die...
 Do you want your possessions identified? [ynq] (y) n
 Do you want to see your attributes? [ynq] (y) n
 Do you want an account of creatures vanquished? [ynaq] (y) n
 Do you want to see your conduct and achievements? [ynq] (y) n
 Do you want to see the dungeon overview? [ynq] (y) n

Inventory:
 Coins    ('$')
  $ - 7 gold pieces
 Weapons  (')')
  b - a +0 dagger (alternate weapon; not wielded)
  e - a rustproof +0 spear
  a - a +1 spear (weapon in right hand)
 Armor    ('[')
  c - an uncursed +3 small shield (being worn)
  f - an uncursed +0 chain mail
 Comestibles  ('%')
  d - an uncursed food ration
  h - an uncursed lembas wafer
  l - an uncursed brown mold corpse
 Scrolls  ('?')
  j - an uncursed scroll of destroy armor
 Tools    ('(')
  m - an uncursed leash
  k - an uncursed tin whistle
 Gems/Stones  ('*')
  n - an uncursed worthless piece of white glass
 Boulders/Statues  ('`')
  i - an empty uncursed statue of a grid bug

2459783kj the Valkyrie's attributes:

Background:
 You were a Stripling, a level 1 human Valkyrie.
 You were lawful, on a mission for Tyr
 who was opposed by Odin (neutral) and Loki (chaotic).
 You were right-handed.
 You were in the Gnomish Mines, on level 3.
 You entered the dungeon 672 turns ago.
 There was a full moon in effect when your adventure ended.
 You had 17 experience points, 3 more were needed to attain level 2.

Basics:
 You had 0 out of 16 hit points.
 You had both energy points (spell power).
 Your armor class was 6.
 Your wallet contained 7 zorkmids.
 Autopickup was off.

Final Characteristics:
 Your strength was 13 (peak:18, limit:18/100).
 Your dexterity was 15 (limit:18).
 Your constitution was 18 (limit:18).
 Your intelligence was 9 (limit:18).
 Your wisdom was 8 (limit:18).
 Your charisma was 7 (limit:18).

Final Status:
 You weren't hungry.
 You were unencumbered.
 You were wielding a spear.
 You had basic skill with spear.

Final Attributes:
 You were fervently aligned.
 You were cold resistant.
 You were lucky.
 You are dead.

Miscellaneous:
 You didn't encounter any bones levels.
 Total elapsed playing time was 12 minutes and 37 seconds.

Major events:
 Turn
    1: 2459783kj the lawful human Valkyrie entered the dungeon
  508: entered the Gnomish Mines
  672: killed by a hobbit

You didn't know any spells.

Skills:
 Fighting Skills
   bare handed combat [Unskilled]
   two weapon combat  [Unskilled]
   riding             [Unskilled]
 Weapon Skills
   dagger             [Basic]
   axe                [Unskilled]
   pick-axe           [Unskilled]
   short sword        [Unskilled]
   broadsword         [Unskilled]
   long sword         [Unskilled]
   two-handed sword   [Unskilled]
   saber              [Unskilled]
   hammer             [Unskilled]
   quarterstaff       [Unskilled]
   polearms           [Unskilled]
   spear              [Basic]
   trident            [Unskilled]
   lance              [Unskilled]
   sling              [Unskilled]
 Spellcasting Skills
   attack spells      [Unskilled]
   escape spells      [Unskilled]

Voluntary challenges:
 Character rerolling was not enabled.
 You went without food.
 You were an atheist.
 You were illiterate.
 You never genocided any monsters.
 You never polymorphed an object.
 You never changed form.
 You used no wishes.
Achievement:
 You entered the Gnomish Mines.

 The Dungeons of Doom: levels 1 to 2
    Level 1:
       Some fountains.
    Level 2:
       Stairs down to The Gnomish Mines.
 The Gnomish Mines:
    Level 3: <- You were here.
       Final resting place for
          you, killed by a hobbit.


Vanquished creatures:
  a brown mold
  2 gnomes
  3 grid bugs
  3 newts
9 creatures vanquished.

No species were genocided or became extinct.

Game over:
                       ----------
                      /          \
                     /    REST    \
                    /      IN      \
                   /     PEACE      \
                  /                  \
                  |    2459783kj     |
                  |       7 Au       |
                  |   killed by a    |
                  |      hobbit      |
                  |                  |
                  |                  |
                  |       2026       |
                 *|     *  *  *      | *
        _________)/\\_//(\/(/\)/\//\/|_)_______

Farvel 2459783kj the Valkyrie...

You died in The Gnomish Mines on dungeon level 3 with 175 points,
and 7 pieces of gold, after 672 moves.
You were level 1 with a maximum of 16 hit points when you died.

